 Dungeon Crawl Stone Soup version 0.28.0-53-g5a82cb258f (webtiles) character file.

Game seed: 10735767012636923256

194091 Godmorgon the Executioner (level 17, -5/168 HPs)
             Began as a Minotaur Fighter on Aug 11, 2022.
             Was the Champion of the Shining One.
             Slain by a spark wasp (8 damage)
             ... on level 2 of the Spider Nest on Aug 12, 2022.
             The game lasted 02:42:26 (40346 turns).

Godmorgon the Executioner (Minotaur Fighter)       Turns: 40346, Time: 02:42:26

Health: -5/168     AC: 28    Str: 27    XL:     17   Next: 66%
Magic:  18/25      EV: 10    Int:  5    God:    the Shining One [******]
Gold:   3265       SH: 10    Dex: 17    Spells: 16/16 levels left

rFire   + + .      SeeInvis .   a - +7 executioner's axe (flame)
rCold   + . .      Faith    +   (shield currently unavailable)
rNeg    + + +      Spirit   .   q - +3 plate armour
rPois   +          Reflect  .   g - +2 hat
rElec   +          Harm     .   t - +2 cloak {Will+}
rCorr   +          Rampage  .   b - +1 pair of gloves "Qafuwegh" {*Slow rCorr Slay+3}
Will    ++...                   D - +0 pair of boots
Stlth   ..........              e - amulet of faith
HPRegen 0.38/turn               E - +4 ring of slaying
MPRegen 0.19/turn               R - ring of the Sunfish {rPois rF+ rN+ Dex+5}

@: divinely shielded, resistant, slowed, glowing, studying Throwing, very slow
A: horns 2, retaliatory headbutt
}: 1/15 runes: decaying
a: Renounce Religion, Divine Shield, Cleansing Flame, Summon Divine Warrior,
Brand Weapon With Holy Wrath


You were on level 2 of the Spider Nest.
You worshipped the Shining One.
The Shining One was exalted by your worship.
You visited 6 branches of the dungeon, and saw 30 of its levels.
You also visited: Gauntlet and Ice Cave.

You collected 3933 gold pieces.
You spent 668 gold pieces at shops.

Inventory:

Hand Weapons
 a - a +7 executioner's axe of flaming (weapon)
Missiles
 i - 17 poisoned darts
 j - 4 javelins
 m - 3 boomerangs of dispersal
 r - 5 datura-tipped darts
 w - 6 atropa-tipped darts
 Q - 13 boomerangs
Armour
 b - the +1 pair of gloves "Qafuwegh" (worn) {*Slow rCorr Slay+3}
   (You found it on level 8 of the Dungeon)

   Slay:      It affects your accuracy & damage with ranged weapons and melee
   (+3).
   rCorr:     It protects you from acid and corrosion.
   *Slow:     It may slow you when you take damage.
 g - a +2 hat (worn)
 p - a scarf of resistance
 q - a +3 plate armour (worn)
 t - a +2 cloak of willpower (worn)
 D - a +0 pair of boots (worn)
Jewellery
 e - an amulet of faith (around neck)
 y - a ring of protection from cold
 E - a +4 ring of slaying (left hand)
 R - the ring of the Sunfish (right hand) {rPois rF+ rN+ Dex+5}
   (You found it on level 6 of the Lair of Beasts)

   [ring of poison resistance]

   Dex:       It affects your dexterity (+5).
   rF:        It protects you from fire.
   rPois:     It protects you from poison.
   rN:        It protects you from negative energy.
Wands
 l - a wand of flame (19) (quivered)
 u - a wand of digging (11)
 I - a wand of polymorph (23)
 O - a wand of iceblast (14)
 S - a wand of acid (4)
 T - a wand of charming (2)
Scrolls
 c - a scroll of summoning
 n - a scroll of identify
 v - 4 scrolls of magic mapping
 A - a scroll of blinking
 B - a scroll of enchant weapon
 J - 2 scrolls of fog
 K - 2 scrolls of silence
 X - a scroll of fear
 Y - 11 scrolls of teleportation
Potions
 d - 6 potions of might
 h - 2 potions of berserk rage
 k - 3 potions of lignification
 o - 9 potions of curing
 s - 4 potions of cancellation
 x - 3 potions of heal wounds
 z - a potion of magic
 C - a potion of resistance
 F - 2 potions of ambrosia
 L - 4 potions of haste
 N - 5 potions of flight
Miscellaneous
 f - a piece from Xom's chessboard (15/15)


   Skills:
 + Level 19.2 Fighting
 * Level 22.5(23.9) Axes
 - Level 14.0(19.8) Maces & Flails
 - Level 6.6 Throwing
 * Level 12.3 Armour
 - Level 5.7 Dodging
 - Level 5.9 Shields
 + Level 12.0 Invocations


You had 16 spell levels left.
You didn't know any spells.
Your spell library was empty.

Dungeon Overview and Level Annotations

Branches:
Dungeon (15/15)            Temple (1/1) D:4            Lair (6/6) D:9
  Swamp (4/4) Lair:3       Spider (2/4) Lair:2        Slime (0/5) Lair:5
    Orc (2/2) D:11            Elf (0/3) Orc:2        Vaults (0/5) D:14
 Depths (0/4) D:15          IceCv (visited)         Gauntlet (visited)

Altars:
Ashenzari
Cheibriados
Dithmenos
Elyvilon
Fedhas
Gozag
Hepliaklqana
Kikubaaqudgha
Makhleb
Nemelex Xobeh
Okawaru
Qazlal
Ru
Sif Muna
Trog
Uskayaw
Vehumet
Wu Jian
Xom
Yredelemnul
Zin
The Shining One
Beogh
Jiyva
Lugonu

Shops:
D:3 :   Orc:2 *[*:

Annotations:
Lair:6 3 runed translucent doors, Gutyqen's ghost, journeyman TeMo


Innate Abilities, Weirdness & Mutations

You have a pair of horns on your head.
You reflexively headbutt those who attack you in melee.


Message History

The spark wasp stings you but does no damage.
The spark wasp stings you! The Shining One protects you from harm!
The spark wasp shocks you. You resist.
* * * LOW HITPOINT WARNING * * *
The spark wasp bursts into living lightning!
The living lightning misses the electric eel.
The living lightning hits you! You resist.
The Shining One protects you from harm!
The spark wasp blinks!
The electric eel shoots out a bolt of lightning at you!
The bolt of electricity hits you. You resist.
* * * LOW HITPOINT WARNING * * *
The bolt of electricity hits the spark wasp.
The spark wasp completely resists.
The bolt of electricity hits the spark wasp.
The spark wasp completely resists.
You feel much better. You block the spark wasp's attack.
The spark wasp barely misses you. You block the spark wasp's attack.
The spark wasp stings you.
* * * LOW HITPOINT WARNING * * *
The spark wasp shocks you. You resist.
* * * LOW HITPOINT WARNING * * *
The spark wasp stings you!
* * * LOW HITPOINT WARNING * * *
The spark wasp shocks you. You resist.
* * * LOW HITPOINT WARNING * * *
You feel as though you will be slow longer.
The electric eel shoots out a bolt of lightning at you!
The bolt of electricity hits you. You resist.
* * * LOW HITPOINT WARNING * * *
The bolt of electricity hits the spark wasp.
The spark wasp completely resists.
The bolt of electricity misses the spark wasp.
The spark wasp stings you! The Shining One protects you from harm!
The spark wasp shocks you. You resist.
* * * LOW HITPOINT WARNING * * *
The spark wasp stings you!
You die...

## ###≈###
### ≈≈≈≈≈#
≈≈≈ .≈≈≈## ..
.S.≈##
#.#...≈##
#.y@y≈≈≈#
≈≈.≈..yy.†≈##
##≈≈..≈≈≈###
#≈#≈≈≈### #
###≈ ##


You could see 4 spark wasps and an electric eel.

Vanquished Creatures
  Gastronok (Lair:1)
  A thorn hunter (Swamp:4)
  2 emperor scorpions (Spider:2)
  An orc warlord (Orc:1)
  A frost giant (D:14)
  Louise (Swamp:2)
  2 broodmothers
  The ghost of Tirrikindir the Carver, a journeyman OpFi of Gozag (D:13)
  2 eleionomae
  The ghost of bronco the Black Belt, a journeyman DsTm of Makhleb (D:13)
  2 entropy weavers
  A minotaur (Gauntlet)
  A spark wasp (Spider:1)
  A white draconian (IceCv)
  2 bunyips
  An ettin (D:14)
  2 shambling mangroves
  A yaktaur captain (D:14)
  A fire dragon (Lair:4)
  A quicksilver dragon skeleton (D:15)
  6 boulder beetles
  A jorogumo (Spider:2)
  29 hydras
  12 vault guards
  A radroach (Spider:1)
  A rakshasa (D:15)
  A ghost crab (Swamp:1)
  A merfolk avatar (Lair:6)
  An alligator (Swamp:1)
  A catoblepas (Lair:4)
  3 two-headed ogres
  6 centaur warriors
  3 tengu warriors
  2 spriggan berserkers (Swamp:4)
  The ghost of Gurantaxtaxq the Thaumaturge, a journeyman DESu of Sif Muna (D:11)
  10 spriggans
  A storm dragon zombie (D:15)
  A wretched star (Gauntlet)
  A fire crab (Lair:6)
  3 spriggan druids
  A sun moth (Spider:2)
  2 pharaoh ants
  A flayed ghost (D:15)
  A glowing orange brain (Gauntlet)
  4 goliath frogs
  11 skeletal warriors
  A wizard (D:15)
  5 bog bodies
  5 orb spiders
  2 steelbarb worms
  6 swamp dragons
  Pikel (D:9)
  3 harpies (Lair:6)
  An iron dragon zombie (D:15)
  9 orc knights (Orc:2)
  14 ugly things
  5 wolf spiders
  2 orc sorcerers
  2 deep elf pyromancers
  10 cyclopes
  A necromancer (D:15)
  2 moths of wrath
  2 will-o-the-wisps
  7 manticores
  18 elephants
  3 black mambas
  Joseph (D:9)
  2 ice statues (IceCv)
  3 torpor snails
  20 cane toads
  A gargoyle (D:11)
  12 komodo dragons
  3 unseen horrors
  10 rime drakes
  An efreet (D:14)
  4 demonic crawlers
  A tengu conjurer (Swamp:1)
  5 trolls
  A polar bear (shapeshifter) (D:15)
  10 hornets
  7 polar bears
  6 meliai
  15 tarantellas
  A bloated husk (Swamp:2)
  Prince Ribbit (D:8)
  2 wind drakes (Lair:6)
  7 tyrant leeches
  11 blink frogs
  2 snapping turtles (Lair:6)
  11 dream sheep (Lair:6)
  A meliai zombie (D:10)
  15 jumping spiders
  4 water elementals (D:12)
  3 wyverns
  An ettin skeleton (D:15)
  7 culicivoras
  A shadow (D:13)
  54 yaks
  A human (D:10)
  3 basilisks
  2 steam dragons
  8 vampire mosquitoes
  32 redbacks
  A neqoxec (Gauntlet)
  10 wargs
  16 swamp worms
  An acid dragon (D:12)
  11 water moccasins
  43 orc warriors
  10 swamp drakes (Swamp:4)
  11 ogres
  3 sky beasts
  20 wolves
  14 centaurs
  A lemure (D:9)
  2 phantoms (D:4)
  2 kobold brigands
  4 scorpions
  13 bullfrogs
  6 killer bees
  3 lindwurm simulacra (IceCv)
  5 electric eels
  8 wights
  3 howler monkeys
  3 centaur zombies
  8 komodo dragon simulacra (IceCv)
  A jelly (D:3)
  A hound (D:6)
  13 orc priests
  A bullfrog skeleton (D:4)
  2 centaur skeletons (D:7)
  4 iguanas
  21 orc wizards
  A scorpion zombie (D:5)
  2 small abominations (Gauntlet)
  A killer bee zombie (D:7)
  A hound skeleton (D:4)
  2 howler monkey zombies
  6 adders
  6 acid dragon simulacra (IceCv)
  2 shadow imps
  3 white imps
  4 steam dragon simulacra (IceCv)
  2 worms (D:2)
  6 dart slugs
  96 orcs
  4 endoplasms
  A giant cockroach (D:2)
  6 goblins
  5 hobgoblins
  3 jackals (D:4)
  16 kobolds
  2 quokkas
  8 ball pythons
  4 bats
  3 frilled lizards
  4 rats
928 creatures vanquished.

Vanquished Creatures (collateral kills)
  A cane toad (Lair:2)
  A jumping spider (Lair:2)
  2 yaks (Lair:2)
4 creatures vanquished.

Vanquished Creatures (others)
  Aizul (Swamp:2)
  3 bloated husks
  A tarantella (shapeshifter) (D:14)
  58 fungi
  108 plants
  2 withered plants (D:15)
173 creatures vanquished.

Grand Total: 1105 creatures vanquished

Notes
Turn   | Place    | Note
-------+----------+-------------------------------------------
     0 | D:1      | Godmorgon the Minotaur Fighter began the quest for the Orb.
     0 | D:1      | Reached XP level 1. HP: 19/19 MP: 0/0
   169 | D:1      | Reached XP level 2. HP: 27/27 MP: 1/1
   468 | D:1      | Found a faded altar of an unknown god.
   709 | D:2      | Reached XP level 3. HP: 33/33 MP: 2/2
  1055 | D:2      | Found a glowing silver altar of Zin.
  1275 | D:2      | Reached XP level 4. HP: 40/40 MP: 3/3
  1439 | D:3      | Found Jyda's Book Shoppe.
  1628 | D:3      | Found a basalt altar of Yredelemnul.
  1962 | D:4      | Reached XP level 5. HP: 47/47 MP: 4/4
  2297 | D:4      | Noticed an ogre
  2301 | D:4      | Killed an ogre
  2302 | D:4      | Reached skill level 1 in Throwing
  2512 | D:4      | Reached skill level 5 in Maces & Flails
  2598 | D:4      | Reached XP level 6. HP: 53/55 MP: 5/5
  2673 | D:4      | Reached skill level 5 in Shields
  2779 | D:4      | Found a staircase to the Ecumenical Temple.
  2800 | Temple   | Entered the Ecumenical Temple
  2813 | Temple   | Became a worshipper of the Shining One
  2849 | D:4      | Noticed a sky beast
  2891 | D:3      | Killed a sky beast
  2892 | D:3      | Reached skill level 5 in Fighting
  2892 | D:3      | Reached skill level 5 in Armour
  3041 | D:4      | Found a shimmering blue altar of Sif Muna.
  3087 | D:4      | Reached XP level 7. HP: 47/61 MP: 6/6
  3386 | D:4      | Found an opulent altar of Gozag.
  3546 | D:4      | Found a sparkling altar of Nemelex Xobeh.
  3628 | D:5      | Entered Level 5 of the Dungeon
  4295 | D:5      | Reached XP level 8. HP: 53/70 MP: 7/7
  4947 | D:5      | Found an ornate altar of the Wu Jian Council.
  5419 | D:6      | Reached * piety under the Shining One
  6333 | D:7      | Reached XP level 9. HP: 69/79 MP: 8/8
  6392 | D:7      | Found a snail-covered altar of Cheibriados.
  6514 | D:7      | Found a burning altar of Makhleb.
  6514 | D:7      | Noticed a green death
  6561 | D:7      | Found a hide-covered altar of Uskayaw.
  7380 | D:8      | Noticed Prince Ribbit
  7387 | D:8      | Killed Prince Ribbit
  7388 | D:8      | Reached skill level 5 in Throwing
  7388 | D:8      | Reached skill level 1 in Invocations
  7409 | D:8      | Identified the +1 pair of gloves "Qafuwegh" {*Slow rCorr
                  | Slay+3}
  7512 | D:8      | Reached skill level 1 in Dodging
  7625 | D:8      | Reached skill level 10 in Maces & Flails
  7799 | D:8      | Found a stormy altar of Qazlal.
  7802 | D:8      | Found a broken altar of Ashenzari.
  7809 | D:8      | Found a shadowy altar of Dithmenos.
  7810 | D:8      | Found a hazy altar of Hepliaklqana.
  7812 | D:8      | Found a glowing silver altar of Zin.
  7813 | D:8      | Found a shimmering altar of Xom.
  7819 | D:8      | Found a bloodstained altar of Trog.
  7820 | D:8      | Found an iron altar of Okawaru.
  8287 | D:9      | Found a staircase to the Lair.
  8321 | D:9      | Noticed Joseph
  8334 | D:9      | Killed Joseph
  8626 | D:9      | Noticed Pikel
  8641 | D:9      | Killed Pikel
  8642 | D:9      | Reached XP level 10. HP: 87/88 MP: 11/11
  9288 | Lair:1   | Entered Level 1 of the Lair of Beasts
  9391 | Lair:1   | Noticed Gastronok
  9394 | Lair:1   | Noticed a cane toad
  9414 | Lair:1   | Killed Gastronok
  9720 | Lair:1   | Noticed a cane toad
  9728 | Lair:1   | Killed a cane toad
  9729 | Lair:1   | Noticed a cane toad
  9738 | Lair:1   | Killed a cane toad
  9828 | Lair:1   | Noticed an eight-headed hydra
  9865 | Lair:1   | Noticed a cane toad
  9870 | Lair:1   | Killed a cane toad
  9882 | Lair:1   | Reached skill level 5 in Invocations
 10064 | Lair:1   | Noticed a black mamba
 10077 | Lair:1   | Killed a black mamba
 10078 | Lair:1   | Reached XP level 11. HP: 60/97 MP: 11/14
 10690 | Lair:2   | Reached ** piety under the Shining One
 10723 | Lair:2   | Reached skill level 5 in Dodging
 11343 | Lair:2   | Found a hole to the Spider Nest.
 11880 | Lair:3   | Reached skill level 10 in Armour
 12134 | Lair:3   | Reached skill level 10 in Fighting
 12169 | Lair:3   | Noticed a five-headed hydra
 12557 | Lair:3   | Reached XP level 12. HP: 106/106 MP: 13/17
 12811 | Lair:3   | Noticed a six-headed hydra
 13027 | Lair:3   | Killed a six-headed hydra
 13147 | Lair:3   | Noticed a four-headed hydra
 13154 | Lair:3   | Killed a four-headed hydra
 13219 | Lair:3   | Found a transporter.
 13220 | Lair:3   | Found a transporter.
 13220 | Lair:3   | Noticed a boulder beetle
 13355 | Lair:3   | Killed a five-headed hydra
 13388 | Lair:3   | Found a staircase to the Swamp.
 13632 | Lair:1   | Killed an eight-headed hydra
 14811 | Lair:3   | Reached skill level 10 in Invocations
 15135 | Lair:4   | Noticed a catoblepas
 15154 | Lair:4   | Killed a catoblepas
 15706 | Lair:4   | Identified the +5 shortbow of Ceeruwicoy {venom, Int+4}
 15739 | Lair:4   | Reached XP level 13. HP: 125/125 MP: 19/19
 16104 | Lair:4   | Noticed a fire dragon
 16146 | Lair:4   | Killed a fire dragon
 16565 | Lair:5   | Reached skill level 15 in Fighting
 16717 | Lair:5   | Found a viscous altar of Jiyva.
 16717 | Lair:5   | Found a staircase to the Slime Pits.
 17582 | Lair:6   | Entered Level 6 of the Lair of Beasts
 17775 | Lair:6   | Found a runed translucent gate.
 17775 | Lair:6   | Found a runed translucent gate.
 17775 | Lair:6   | Found a runed translucent gate.
 17781 | Lair:6   | Noticed Gutyqen's ghost (journeyman TeMo)
 18584 | Lair:6   | Identified the ring of the Sunfish {rPois rF+ rN+ Dex+5}
 18735 | Lair:6   | Reached *** piety under the Shining One
 19142 | Lair:6   | Reached XP level 14. HP: 93/143 MP: 20/20
 20068 | D:10     | Entered Level 10 of the Dungeon
 20210 | D:10     | Reached skill level 1 in Axes
 20366 | D:10     | Reached skill level 2 in Axes
 20689 | D:11     | Found a gate leading to a gauntlet.
 20691 | D:11     | Found an ancient bone altar of Kikubaaqudgha.
 20720 | Gauntlet | Entered a Gauntlet
 20720 | Gauntlet | Reached **** piety under the Shining One
 20720 | Gauntlet | Found a transporter.
 20720 | Gauntlet | Found a transporter.
 20724 | Gauntlet | Found a transporter.
 20726 | Gauntlet | Found a transporter.
 20728 | Gauntlet | Found a transporter.
 20745 | Gauntlet | Found a transporter.
 20750 | Gauntlet | Found a transporter.
 20775 | Gauntlet | Reached skill level 3 in Axes
 20838 | Gauntlet | Found a transporter.
 20845 | Gauntlet | Reached skill level 4 in Axes
 20855 | Gauntlet | Found a transporter.
 20858 | Gauntlet | Found a transporter.
 20865 | Gauntlet | Found a transporter.
 20928 | Gauntlet | Found a runed translucent door.
 20929 | Gauntlet | Found a transporter.
 20947 | Gauntlet | Reached skill level 5 in Axes
 20957 | Gauntlet | Found a transporter.
 21254 | D:11     | Found a transporter.
 21258 | D:11     | Reached skill level 6 in Axes
 21265 | D:11     | Noticed Gurantaxtaxq's ghost (journeyman DESu)
 21410 | D:11     | Found a staircase to the Orcish Mines.
 21624 | D:11     | Found a transporter.
 21861 | D:11     | Reached skill level 7 in Axes
 22034 | D:11     | Killed Gurantaxtaxq's ghost
 22513 | D:12     | Reached skill level 8 in Axes
 23304 | D:13     | Found a runed translucent gate.
 23340 | D:13     | Found a runed translucent gate.
 23341 | D:13     | Found a runed translucent gate.
 23404 | D:13     | Reached skill level 9 in Axes
 23858 | D:13     | Reached skill level 10 in Axes
 24771 | D:13     | Noticed bronco's ghost (journeyman DsTm)
 24771 | D:13     | Noticed Tirrikindir's ghost (journeyman OpFi)
 24786 | D:13     | Killed Tirrikindir's ghost
 24789 | D:13     | Killed bronco's ghost
 24790 | D:13     | Reached skill level 11 in Axes
 24941 | D:14     | Reached XP level 15. HP: 144/149 MP: 22/22
 25079 | D:14     | Found a gate to the Vaults.
 25597 | D:14     | Reached skill level 12 in Axes
 25851 | D:14     | Noticed a frost giant
 25853 | D:14     | Found the +5 sword of Power {vorpal}
 26211 | D:13     | Reached skill level 13 in Axes
 26440 | D:14     | Killed a frost giant
 27419 | D:14     | Reached skill level 14 in Axes
 27470 | D:14     | Found a gate to the Vaults.
 27786 | D:15     | Entered Level 15 of the Dungeon
 27786 | D:15     | Found a staircase to the Depths.
 27907 | D:15     | Reached skill level 15 in Axes
 28585 | D:15     | Reached ***** piety under the Shining One
 28589 | D:15     | Reached skill level 16 in Axes
 29289 | D:15     | Found a blossoming altar of Fedhas.
 29574 | Swamp:1  | Entered Level 1 of the Swamp
 29882 | Swamp:1  | Reached skill level 17 in Axes
 29887 | Swamp:2  | Reached XP level 16. HP: 87/157 MP: 24/24
 30892 | Swamp:2  | Reached skill level 18 in Axes
 31556 | Swamp:2  | Noticed Aizul
 31562 | Swamp:2  | Killed Aizul
 31812 | Swamp:2  | Noticed Louise
 31824 | Swamp:2  | Killed Louise
 32150 | Swamp:2  | Identified the +0 pair of gloves of Quiet Fog {Str+4 Int+4}
 32338 | Swamp:3  | Reached skill level 19 in Axes
 32811 | Swamp:4  | Entered Level 4 of the Swamp
 33848 | Swamp:4  | Reached skill level 20 in Axes
 34632 | Swamp:4  | Noticed a thorn hunter
 34642 | Swamp:4  | Killed a thorn hunter
 34648 | Swamp:4  | Reached skill level 21 in Axes
 35058 | Swamp:4  | Got a decaying rune of Zot
 35328 | Orc:1    | Entered Level 1 of the Orcish Mines
 35709 | Orc:2    | Entered Level 2 of the Orcish Mines
 35791 | Orc:2    | Reached XP level 17. HP: 166/166 MP: 25/25
 35809 | Orc:2    | Found Seurphole's General Store.
 35809 | Orc:2    | Found Naoxoa's Book Shop.
 35921 | Orc:2    | Found a frozen archway.
 35949 | IceCv    | Entered an ice cave
 36217 | IceCv    | Reached ****** piety under the Shining One
 36336 | IceCv    | Identified the amulet of Mirth {Regen+ Str+4 Dex+4}
 36623 | Orc:2    | Found a staircase to the Elven Halls.
 36956 | Orc:2    | Bought a scroll of identify for 28 gold pieces
 36956 | Orc:2    | Bought a scroll of brand weapon for 280 gold pieces
 37026 | Orc:2    | Found Uduabar's General Store.
 37026 | Orc:2    | Found Waczeret's Armour Shop.
 37044 | Orc:2    | Bought 3 scrolls of enchant armour for 270 gold pieces
 37044 | Orc:2    | Bought a scroll of holy word for 90 gold pieces
 37676 | Spider:1 | Entered Level 1 of the Spider Nest
 39089 | Spider:1 | Reached skill level 22 in Axes
 40345 | Spider:2 | The Shining One protects you from harm!
 40345 | Spider:2 | HP: 5/168 [spark wasp (5)]
 40345 | Spider:2 | The Shining One protects you from harm!
 40346 | Spider:2 | The Shining One protects you from harm!
 40346 | Spider:2 | Slain by a spark wasp

Illustrated notes

Levels and vault maps discovered:
D:1:      minmay_arrival_five_plusses, layout_basic,
          dreamdust_ecumenical_altar_grove
D:2:      layout_rooms, basic_altar
D:3:      layout_rooms, marbit_many_paths, serial_shops,
          nicolae_shop_advertising_works [nicolae_subvault_shop_adworks]
D:4:      layout_loops_ring, mainiacjoe_overflow_alcove_2,
          nicolae_overflow_crystal_walls, mainiacjoe_overflow_chevrons,
          minmay_temple_entry_large_hall, serial_bayou_pond_c,
          serial_bayou_lagoon_a, minmay_misc_feat_plants
D:5:      kb_forest_paths, layout_basic, nicolae_wu_jian_wuxing_cycle,
          kennysheep_cluttered_room
D:6:      layout_basic
D:7:      layout_loops_corners, nicolae_uskayaw_murder_on_the_dancefloor,
          mainiacjoe_overflow_six_doors_small, makhleb_altar_promises_db
D:8:      layout_basic, nicolae_overflow_hallway_of_the_gods,
          uniq_prince_ribbit1
D:9:      layout_loops_ring, lair_entry_dummy, uniq_pikel, uniq_joseph
D:10:     layout_basic
D:11:     layout_cave_pools, erik_orc_4, gammafunk_ghost_berserking_beasts,
          gauntlet_entry_generic, minmay_misc_feat_more_columns,
          kiku_gazebo_garden_becter
D:12:     layout_roguey, nicolae_underground_beach
D:13:     layout_gridville, gammafunk_ghost_cemetery
D:14:     minmay_guarded_unrand_sword_of_power, layout_loops_ring,
          lightli_vaults_fourway_checkpoint, minmay_misc_feat_chi
D:15:     gammafunk_depths_entry_grave, layout_irregular_city, fedhas_altar_4,
          minmay_diced_spiral
Temple:   corrupted_temple
Lair:1:   wander_river, layout_chaotic_city, infiniplex_staircase_pool,
          grunt_megastairs_3, uniq_gastronok
Lair:2:   layout_gridlike, spider_nest_entry_a
Lair:3:   gammafunk_boulding_lane, layout_regular_city,
          palyth_hydra_swamp_entry, beast_lair_carwin_3, grunt_megastairs_2,
          lemuel_fruit_tree
Lair:4:   dragon1_lemuel, layout_misc_corridors, st_stairs_6
Lair:5:   layout_layer_cave, dpeg_slime_entry_enclosed_altar, st_stairs_10
Lair:6:   gammafunk_lair_ancient_temple, layout_regular_city,
          gammafunk_ghost_hydra_chop, st_stairs_13
Swamp:1:  layout_basic_swamp, evilmike_swamp_ruin_rubble_2, swamp_pool1,
          hangedman_swamp_pad, kb_tengu_band
Swamp:2:  layout_basic_swamp, nicolae_swamp_treefoil, uniq_louise, uniq_aizul
Swamp:3:  layout_falls_marsh, nicolae_swamp_round_clearing, swamp_pool1,
          lightli_tree_ring
Swamp:4:  swamp_basic_johnstein, layout_basic_swamp
Spider:1: layout_chambers, nicolae_spider_circle_web, drop_trap
Spider:2: layout_spider_delve, special_room [special_room_bee],
          nicolae_spider_bzzzt
Orc:1:    layout_caves
Orc:2:    st_orc_town, layout_caves, portal_ice_cave_entry_pillars_2

Skill      XL: |  1  2  3  4  5  6  7  8  9 10 11 12 13 14 15 16 17 |
---------------+----------------------------------------------------+-----
Maces & Flails | 3 4 5 6 7 9 10 12 13 14 | 14.0
Fighting       | 4 5 6 7 8 9 10 14 18 19 | 19.2
Armour         | 4 5 6 7 8 9 10 12 | 12.3
Shields        | 4 5 |  5.9
Throwing       | 1 2 3 4 5 6 |  6.6
Invocations    | 3 5 8 10 11 12 | 12.0
Dodging        | 2 4 5 |  5.7
Axes           | 11 17 21 22 | 22.5

Action                   |  1- 3 |  4- 6 |  7- 9 | 10-12 | 13-15 | 16-18 || total
-------------------------+-------+-------+-------+-------+-------+-------++-------
Melee: Flail             |    78 |    91 |   244 |   357 |   763 |       ||  1533
       Headbutt          |     9 |     9 |    62 |   103 |   318 |   124 ||   625
       Executioner's axe |       |       |       |       |   143 |   575 ||   718
Throw: Dart              |       |       |     5 |    35 |    65 |     1 ||   106
       Boomerang         |       |       |       |       |     2 |     1 ||     3
Invok: Divine Shield     |       |       |     2 |    12 |    31 |    18 ||    63
       Cleansing Flame   |       |       |       |       |     5 |     2 ||     7
Evoke: Wand              |       |       |     3 |    22 |     6 |     9 ||    40
  Use: Potion            |       |     2 |     2 |     4 |     5 |     3 ||    16
       Scroll            |       |       |     5 |     8 |    12 |     8 ||    33
Armor: Scale mail        |    33 |    50 |    77 |       |       |       ||   160
       Chain mail        |       |       |    33 |   213 |   206 |       ||   452
       Plate armour      |       |       |       |       |   386 |   394 ||   780
Dodge: Dodged            |    43 |    32 |    94 |   141 |   352 |   245 ||   907
Block: Buckler           |    24 |     9 |    47 |   169 |   307 |       ||   556
       Other             |       |       |       |       |    36 |   104 ||   140
